 Dungeon Crawl Stone Soup version 0.28-a0-991-g956f0ee3d5 (webtiles) character file.

Game seed: 16760496761054502370

84 alberto the Skirmisher (level 4, -2/49 HPs)
             Began as an Ogre Fighter on Dec 4, 2021.
             Was a Follower of Vehumet.
             Slain by a scorpion (7 damage)
             ... on level 5 of the Dungeon.
             The game lasted 00:20:03 (2363 turns).

alberto the Skirmisher (Ogre Fighter)               Turns: 2363, Time: 00:20:04

Health: -2/49      AC:  3    Str: 20    XL:     4   Next: 46%
Magic:  4/4        EV:  8    Int:  9    God:    Vehumet [*.....]
Gold:   35         SH:  7    Dex: 10    Spells: 3/3 levels left

rFire   . . .      SeeInvis .   r - staff of cold
rCold   + . .      Faith    .   c - +0 kite shield
rNeg    . . .      Spirit   .   q - +0 robe
rPois   +          Reflect  .   (helmet restricted)
rElec   .          Harm     .   (no cloak)
rCorr   .          Rampage  .   (gloves unavailable)
Will    .....                   (boots unavailable)
Stlth   +.........              (no amulet)
HPRegen 0.16/turn               p - ring of poison resistance
MPRegen 0.09/turn               (no ring)

@: mighty
A: large, unfitting armour, tough skin 1
a: Renounce Religion


You were on level 5 of the Dungeon.
You worshipped Vehumet.
Vehumet was aware of your devotion.
You visited 1 branch of the dungeon, and saw 4 of its levels.

You collected 35 gold pieces.

Inventory:

Hand Weapons
 a - a +0 long sword
 e - a +0 mace
 h - a +0 hand axe
 k - a +0 arbalest
 n - a +0 whip of flaming
Armour
 b - a +0 robe
 c - a +0 kite shield (worn)
 g - a scarf of harm
 i - a +0 ring mail
 q - a +0 robe (worn)
 u - a +0 chain mail
 v - a +0 ring mail
 w - a +0 pair of boots
Magical Staves
 r - a staff of cold (weapon)
Jewellery
 p - a ring of poison resistance (left hand)
Scrolls
 t - a scroll of teleportation {unknown}
 y - a scroll of identify
Potions
 d - a potion of might
 f - a potion of attraction {unknown}
 l - a potion of berserk rage {unknown}
 m - a potion of brilliance {unknown}
 o - a potion of mutation {unknown}
 s - a potion of invisibility {unknown}


   Skills:
 + Level 4.9 Fighting
 + Level 2.6 Long Blades
 + Level 0.6 Maces & Flails
 + Level 3.1 Dodging
 + Level 3.0 Shields


You had 3 spell levels left.
You didn't know any spells.
Your spell library was empty.

Dungeon Overview and Level Annotations

Branches:
Dungeon (3/15)

Altars:
Elyvilon
Vehumet


Innate Abilities, Weirdness & Mutations

You are too large for most types of armour.
You have tough skin. (AC +1)


Message History

r - a staff of cold (weapon)
The scorpion stings you.
* * * LOW HITPOINT WARNING * * *
You feel better. The scorpion closely misses you.
You feel better. The scorpion barely misses you. x2
You feel better. The scorpion stings you.
You barely miss the scorpion.
The scorpion is moderately wounded.
The scorpion stings you but does no damage.
The scorpion stings you.
You hit the scorpion but do no damage.
The scorpion is moderately wounded.
The scorpion stings you!
You hit the scorpion.
The scorpion is heavily wounded.
The scorpion barely misses you. The scorpion stings you.
* * * LOW HITPOINT WARNING * * *
You closely miss the scorpion.
The scorpion is heavily wounded.
The scorpion stings you but does no damage.
The scorpion stings you.
* * * LOW HITPOINT WARNING * * *
You hit the scorpion but do no damage.
The scorpion is heavily wounded.
The scorpion stings you but does no damage.
The scorpion stings you.
* * * LOW HITPOINT WARNING * * *
You barely miss the scorpion.
The scorpion is heavily wounded.
You block the scorpion's attack.
You hit the scorpion.
The scorpion is severely wounded.
The scorpion stings you but does no damage. x2
As you read the scroll labelled RUELYATTOWN, it crumbles to dust.
You feel aware of your surroundings.
It was a scroll of magic mapping.
The scorpion stings you.
* * * LOW HITPOINT WARNING * * *
You feel very mighty all of a sudden. The scorpion stings you!
You die...

#.#*,* *,* *,* #.##,* *,* *,*
#..,,* ***,** *,* ### #.#*,*
*,,,,******,*
##.######.##+######,#,,,,,,,,,***
.#.#.##...........#.#,*******,,,,
..................#.####** *,,,,
.#.#.##.................,****,,,,
...#.##........s@......(,,,,,,,,,
...#.##............#....,,,,*,,,,
...#+#####...###...#,,,.,,,,*,,,,
....,,.................,,,,,*,***
#.#..,####..............,,,,*,***
......,,................,,,,,>,,,
,#.....#....#+####+#..##,***,,,,,
,*,,,,,#.....,,,,,,,....,,,,,,,,,
,*,,,,,#....,,,,,,,,,...,,,*,,,*,


You could see a scorpion.

Vanquished Creatures
  2 adders (D:2)
  A dart slug (D:2)
  4 endoplasms
  7 giant cockroaches
  10 hobgoblins
  4 quokkas
  2 ball pythons
  7 bats
  7 frilled lizards
  7 goblins
  3 kobolds
  2 rats (D:2)
56 creatures vanquished.

Vanquished Creatures (others)
  A plant (D:2)
1 creature vanquished.

Grand Total: 57 creatures vanquished

Notes
Turn   | Place    | Note
-------+----------+-------------------------------------------
     0 | D:1      | alberto the Ogre Fighter began the quest for the Orb.
     0 | D:1      | Reached XP level 1. HP: 24/24 MP: 1/1
   453 | D:1      | Reached XP level 2. HP: 32/32 MP: 2/2
   827 | D:1      | Reached XP level 3. HP: 40/40 MP: 3/3
  1373 | D:2      | Reached XP level 4. HP: 49/49 MP: 4/4
  1853 | D:2      | Found a faded altar of an unknown god.
  1863 | D:2      | Prayed at the altar of an unknown god.
  1863 | D:2      | Became a worshipper of Vehumet
  1863 | D:2      | Reached * piety under Vehumet
  1863 | D:2      | Offered knowledge of Freeze by Vehumet.
  1931 | D:2      | Found a white marble altar of Elyvilon.
  2302 | D:3      | You fall into a shaft and drop 2 floors!
  2302 | D:5      | Entered Level 5 of the Dungeon
  2318 | D:5      | Noticed a scorpion
  2334 | D:5      | HP: 2/49 [scorpion (8)]
  2347 | D:5      | HP: 2/49 [scorpion (2)]
  2363 | D:5      | Slain by a scorpion

Illustrated notes

Levels and vault maps discovered:
D:1:      psy_arrival_terrarium, layout_loops_ring
D:2:      layout_basic, dreamdust_ecumenical_altar_hidden_monk_grotto,
          basic_altar, hangedman_decor_peaks_small, minmay_misc_feat_columns
D:3:      layout_basic, nemelex_diamond_rough_becter, serial_rivers,
          chequers_serial_rivers_micro_e, chequers_serial_rivers_micro_e,
          chequers_serial_rivers_micro_e, chequers_serial_rivers_room_a
D:5:      layout_basic, uniq_eustachio, uniq_prince_ribbit1, uniq_edmund

Skill      XL: |  1  2  3  4 |
---------------+-------------+-----
Dodging        | 3 |  3.1
Long Blades    | 2 |  2.6
Shields        | 3 |  3.0
Fighting       | |  4.9
Maces & Flails | |  0.6

Action                   |  1- 3 |  4- 6 || total
-------------------------+-------+-------++-------
Melee: Long sword        |    30 |       ||    30
       Whip              |    71 |    52 ||   123
       Staff             |       |     7 ||     7
  Use: Potion            |       |     5 ||     5
       Scroll            |       |     4 ||     4
 Stab: Sleeping          |     1 |       ||     1
Armor: Robe              |    26 |    19 ||    45
Dodge: Dodged            |    32 |    27 ||    59
Block: Kite shield       |    29 |    22 ||    51

Table legend: (Time is in decaauts)
 A = Elapsed time spent in this place.
 B = Non-inter-level travel time spent in this place.
 C = Inter-level travel time spent in this place.
 D = Time resting spent in this place.
 E = Time spent auto-exploring this place.
 F = Levels seen in this place.
 G = Mean time per level.
                   A        B        C        D        E       F      G
               +--------+--------+--------+--------+--------+-----+--------+
         Total |   2414 |    906 |   1508 |    238 |      0 |   4 |  603.5 |
       Dungeon |   2414 |    906 |   1508 |    238 |      0 |   4 |  603.5 |
               +--------+--------+--------+--------+--------+-----+--------+

Top non-repeatable levels by time:
     D:1: 1062 daAuts
     D:2: 985 daAuts
     D:3: 300 daAuts
     D:5: 66 daAuts
